 Dungeon Crawl Stone Soup version 0.27-a0-1181-g5f64966fcc (webtiles) character file.

Game seed: 16039176685093974230

275 bande the Shield-Bearer (level 6, -2/38 HPs)
             Began as a Gargoyle Fighter on May 17, 2021.
             Slain by Crazy Yiuf
             ... wielding a +3 quarterstaff of chaos
              (6 damage)
             ... on level 2 of the Dungeon.
             The game lasted 00:02:43 (1932 turns).

bande the Shield-Bearer (Gargoyle Fighter)          Turns: 1932, Time: 00:02:44

Health: -2/38      AC: 11    Str: 21    XL:     6   Next: 25%
Magic:  6/6        EV:  7    Int:  8    God:
Gold:   104        SH: 10    Dex: 16    Spells: 5/5 levels left

rFire    . . .     SeeInvis .   a - +0 war axe
rCold    . . .     Faith    .   c - +0 kite shield
rNeg     + . .     Spirit   .   b - +0 scale mail
rPois    ∞         Reflect  .   (no helmet)
rElec    +         Harm     .   (no cloak)
rCorr    .         Rampage  .   (no gloves)
Will     .....                  (no boots)
Stlth    ..........             (no amulet)
HPRegen  0.12/turn              h - +6 ring of dexterity
MPRegen  0.10/turn              (no ring)

@: no status effects
A: sickness immunity, AC +4, negative energy resistance 1, electricity
resistance, torment resistance 1, petrification resistance
a: no special abilities


You were on level 2 of the Dungeon.
You visited 1 branch of the dungeon, and saw 2 of its levels.

You collected 104 gold pieces.

Inventory:

Hand Weapons
 a - a +0 war axe (weapon)
Armour
 b - a +0 scale mail (worn)
 c - a +0 kite shield (worn)
Jewellery
 h - a +6 ring of dexterity (left hand)
Wands
 j - a wand of digging (5)
Scrolls
 e - a scroll of enchant weapon {unknown}
 g - 2 scrolls of enchant armour {unknown}
 i - a scroll of torment {unknown}
 l - a scroll of teleportation
Potions
 f - a potion of cancellation
 k - a potion of haste {unknown}
 m - a potion of ambrosia {unknown}


   Skills:
 + Level 4.1 Fighting
 + Level 4.2 Axes
 + Level 4.1 Armour
 + Level 0.6 Dodging
 - Level 0.1 Stealth
 + Level 4.3 Shields


You had 5 spell levels left.
You didn't know any spells.
Your spell library was empty.

Dungeon Overview and Level Annotations

Branches:
Dungeon (2/15)

Altars:

Annotations:
D:2 Crazy Yiuf


Innate Abilities, Weirdness & Mutations

You are immune to sickness and miasma.
Your stone body is resilient. (AC +4)
You are immune to poison.
You resist negative energy. (rN+)
You are resistant to electric shocks. (rElec)
You are resistant to unholy torment.
You are immune to petrification.


Message History

There is an escape hatch in the floor here.
You see here a staff of death.
There is a stone staircase leading up here.
Key pressed, stopping explore.
Crazy Yiuf shouts!
No reachable target in view!
As you open the door, it creaks loudly!
You hit Crazy Yiuf.
Crazy Yiuf is lightly wounded.
You block Crazy Yiuf's attack.
You closely miss Crazy Yiuf.
Crazy Yiuf is lightly wounded.
Crazy Yiuf hits you with a +3 quarterstaff of chaos!
Crazy Yiuf freezes you.
Crazy Yiuf yells, "Snurf cloud horse!"
Crazy Yiuf hits you with a +3 quarterstaff of chaos.
You feel yourself slow down.
You barely miss Crazy Yiuf.
Crazy Yiuf hits you with a +3 quarterstaff of chaos!
* * * LOW HITPOINT WARNING * * *
Crazy Yiuf freezes you.
* * * LOW HITPOINT WARNING * * *
Crazy Yiuf hits you with a +3 quarterstaff of chaos.
* * * LOW HITPOINT WARNING * * *
Crazy Yiuf freezes you.
* * * LOW HITPOINT WARNING * * *
You feel very mighty all of a sudden. You block Crazy Yiuf's attack.
Crazy Yiuf hits you but does no damage.
You feel agile all of a sudden.
Your magical effects are unravelling.
You feel magically purged.
You feel yourself speed up.
You feel a little less mighty now.
You feel a little less agile now. Crazy Yiuf closely misses you.
You hit Crazy Yiuf.
Crazy Yiuf is moderately wounded.
Crazy Yiuf closely misses you.
Crazy Yiuf cries, "Walk green disdain!"
Crazy Yiuf hits you with a +3 quarterstaff of chaos.
You die...

....)......#####..#######.#.#....
.#...####### #....# #..#^#.#....
##..## ♣....♣ #....#.#....
.....### ♣♣...♣ ##..........
.......# ♣♣.♣♣ #..........
...)...# ♣♣.♣ ######.##...
.....#.##### ♣.♣♣ #......##...
.....#.....# ♣♣.♣ #########...
......###### ♣@♣♣ #### ......#
#g# .....## ... ##..## #...#
###.# #)..# ....# ##### ##### #


You could see Crazy Yiuf.

Vanquished Creatures
  Sigmund (D:2)
  Terence (D:2)
  2 adders (D:2)
  An ufetubus (D:2)
  2 worms (D:2)
  2 dart slugs (D:1)
  An orc (D:2)
  8 endoplasms
  5 hobgoblins
  2 quokkas (D:1)
  6 ball pythons
  4 bats
  3 frilled lizards
  5 goblins
  5 kobolds
  3 rats
51 creatures vanquished.

Notes
Turn   | Place    | Note
-------+----------+-------------------------------------------
     0 | D:1      | bande the Gargoyle Fighter began the quest for the Orb.
     0 | D:1      | Reached XP level 1. HP: 14/14 MP: 1/1
   200 | D:1      | Reached XP level 2. HP: 16/19 MP: 2/2
   461 | D:1      | Reached XP level 3. HP: 23/23 MP: 3/3
   557 | D:1      | Found a faded altar of an unknown god.
   687 | D:2      | Noticed Sigmund
   695 | D:2      | Killed Sigmund
   696 | D:2      | Reached XP level 4. HP: 12/29 MP: 4/4
   696 | D:2      | Reached XP level 5. HP: 13/33 MP: 5/5
  1080 | D:2      | Reached XP level 6. HP: 31/38 MP: 6/6
  1416 | D:2      | Noticed Terence
  1425 | D:2      | Killed Terence
  1491 | D:2      | Found a runed translucent door.
  1492 | D:2      | Noticed Crazy Yiuf
  1932 | D:2      | Slain by Crazy Yiuf

Illustrated notes

Levels and vault maps discovered:
D:1:      lemuel_arrival_hallway, layout_rooms, chequers_ecumenical_altar_island
D:2:      minmay_general_purpose_star, layout_rooms, st_stairs_5,
          kennysheep_boxes, uniq_crazy_yiuf_cottage, uniq_terence, uniq_sigmund

Skill      XL: |  1  2  3  4  5 |
---------------+----------------+-----
Axes           | 2 3 4 |  4.2
Fighting       | 4 |  4.1
Armour         | 4 |  4.1
Shields        | 4 |  4.3
Dodging        | |  0.6
Stealth        | |  0.1

Action                   |  1- 3 |  4- 6 || total
-------------------------+-------+-------++-------
Melee: War axe           |    61 |    70 ||   131
  Use: Potion            |     3 |     2 ||     5
       Scroll            |     2 |       ||     2
Armor: Scale mail        |    39 |    22 ||    61
Dodge: Dodged            |    21 |    24 ||    45
Block: Kite shield       |    47 |    43 ||    90

Table legend: (Time is in decaauts)
 A = Elapsed time spent in this place.
 B = Non-inter-level travel time spent in this place.
 C = Inter-level travel time spent in this place.
 D = Time resting spent in this place.
 E = Time spent auto-exploring this place.
 F = Levels seen in this place.
 G = Mean time per level.
                   A        B        C        D        E       F      G
               +--------+--------+--------+--------+--------+-----+--------+
         Total |   2008 |   2008 |      0 |    444 |   1205 |   2 | 1004.0 |
       Dungeon |   2008 |   2008 |      0 |    444 |   1205 |   2 | 1004.0 |
               +--------+--------+--------+--------+--------+-----+--------+

Top non-repeatable levels by time:
     D:2: 1308 daAuts
     D:1: 699 daAuts
